JJ, neutral female human Valkyrie ------ ----- |....| |.:.| |.`..----.@.| |.`......`..| |..--->---..| |---------.--- |..^^^<|.`...| |..----|.....| --.| |.....| |.-----.....| |...........| |..---------- ---- JJ the Fighter Experience level: 7 Strength: 25 Dexterity: 12 Constitution: 18 Intelligence: 10 Wisdom: 8 Charisma: 9 Health: 0(57) Energy: 17(17) Def: 12 Gold: 278 Moves: 4214 Dungeon seed: srQENT2J8S8Ib5QT Game ID: JJ_1492565709 Your Inventory: Coins $ - 278 gold pieces Weapons b - a +0 dagger t - a -1 orcish short sword (weapon in hand) B - 2 +1 darts Armor e - an uncursed +3 small shield (being worn) y - an uncursed +0 orcish helm (being worn) N - an uncursed +0 pair of gauntlets of power (being worn) Y - an uncursed +0 orcish cloak (being worn) Z - an uncursed +0 splint mail (being worn) Comestibles D - an uncursed food ration H - an uncursed tin of spinach I - an uncursed sprig of wolfsbane Scrolls l - an uncursed scroll of identify p - an uncursed scroll of enchant armor z - an uncursed scroll of food detection K - a blessed scroll of earth L - an uncursed scroll of earth U - 2 uncursed scrolls of blank paper Spellbooks g - an uncursed spellbook of wizard lock Potions A - an uncursed potion of oil Rings i - an uncursed ring of aggravate monster (on left hand) k - an uncursed ring of free action (on right hand) E - an uncursed ring of invisibility Wands G - a wand of light (0:11) Gems n - 2 uncursed worthless pieces of orange glass r - 2 uncursed worthless pieces of green glass Q - 2 uncursed worthless pieces of violet glass Spells and supernatural/magical abilities: Name Level Category Fail Memory w - wizard lock 2 matter 100% 92% W - pray for help -- divine ? -- Your skills at the end: Fighting Skills Weapon Skills dagger [Basic] long sword [Basic] Spellcasting Skills Final Attributes: You were piously aligned. You were cold resistant. You were stealthy. You aggravated monsters. You were fast. You had free action. You are dead. Vanquished creatures: a small mimic a large dog an elf mummy an orc mummy an ape 4 fire ants a bugbear an imp 9 Uruk-hai a rock piercer a rock mole a yellow light a shrieker a gnome lord a golden naga hatchling 2 paper golems 2 giant ants 2 floating eyes a kitten a homunculus 3 kobold lords a kobold shaman 5 rothes a giant bat 2 iguanas 9 killer bees a coyote 2 gas spores 4 hobbits a large kobold 2 hobgoblins 3 giant rats a gnome a gnome zombie 2 geckos 7 jackals a fox a kobold 3 goblins 2 sewer rats 6 grid bugs a bat 3 lichens 8 newts 104 creatures vanquished. Voluntary challenges: You used a wielded weapon 158 times, starting on turn 74. You read items or engraved 15 times, starting on turn 263. You never genocided any monsters. You never polymorphed an object. You never changed form. You used no wishes. You never split a pudding. You wrote Elbereth's name 1 time, starting on turn 2701. You violated your moral code, losing 10 points of alignment, starting on turn 3761. Dungeon overview: The Dungeons of Doom: levels 1 to 9 Level 1 an altar to Odin, a fountain a long staircase Level 2 some fountains Level 3 an armor shop stairs to The Gnomish Mines Level 4 Level 5 some fountains Level 6 Level 7 a fountain Level 8 many fountains Level 9 a throne stairs to Sokoban The Gnomish Mines: Level 4 stairs to The Dungeons of Doom Sokoban: Level 8 <- You were here stairs to The Dungeons of Doom History has recorded: On T:1 you entered the Dungeons of Doom to retrieve the Amulet of Yendor! On T:466 you reached level 2 of The Dungeons of Doom. On T:794 you advanced to experience level 2. On T:1013 you reached level 3 of The Dungeons of Doom. On T:1044 you reached level 4 of The Dungeons of Doom. On T:1149 you advanced to experience level 3. On T:1199 you reached level 1 of The Gnomish Mines. On T:1419 you advanced to experience level 4. On T:1837 you reached level 5 of The Dungeons of Doom. On T:1993 you advanced to experience level 5. On T:2587 you reached level 6 of The Dungeons of Doom. On T:2830 you advanced to experience level 6. On T:2863 you reached level 7 of The Dungeons of Doom. On T:3325 you reached level 8 of The Dungeons of Doom. On T:3486 you advanced to experience level 7. On T:3858 you reached level 9 of The Dungeons of Doom. On T:3883 you reached level 4 of Sokoban. Score breakdown: Gold: 278 ( 8319 points) Experience: 7 levels (13645 points) Exploration: 9 levels ( 16.98%) (11766 points) Discoveries: 15 items ( 6.10%) ( 7407 points) Valuables value: (no points given unless you survive) Artifact value: 0 ( 0 points) Variety of kills: 44 monsters ( 11.55%) (10194 points) Turncount: 4214 turns (-1101 points) Survival: died (score multiplied by 80%) Total score: 40184 Latest messages: The crocodile bites! The crocodile hits! You hit the crocodile! The crocodile bites! The crocodile misses. You miss the crocodile. (3x) The crocodile bites! The crocodile misses. You miss the crocodile. The crocodile bites! The crocodile misses. You miss the crocodile. (2x) The crocodile misses. The crocodile hits! That is a silly thing to read. You sense the presence of monsters. You miss the crocodile. The crocodile bites! The crocodile hits! You die... Final status: Farvel JJ the Valkyrie, killed by a crocodile... You died in Sokoban on dungeon level 8 with 40184 points, and 278 pieces of gold, after 4214 moves. You were level 7 with a maximum of 57 hit points when you died.